 Dungeon Sprint DCSS version 0.22-a0-467-g5c5de1c (webtiles) character file.

15103 emperorscorpion the Black Belt (level 11, -14/89 HPs)
             Began as a Purple Draconian Transmuter on June 10, 2018.
             Was the Champion of Sif Muna.
             Killed from afar by an ogre mage (44 damage)
             ... with a crystal spear
             ... in the Dungeon (Sprint IX: "|||||||||||||||||||||||||||||").
             The game lasted 00:24:49 (4085 turns).

emperorscorpion the Black Belt (DrTm)               Turns: 4085, Time: 00:24:50

Health: -14/89     AC: 10    Str: 19    XL:     11   Next: 97%
Magic:  17/28      EV: 18    Int: 15    God:    Sif Muna [******]
Gold:   1480       SH:  0    Dex: 13    Spells: 19/36 levels left

rFire    . . .     SeeInvis .     - Unarmed
rCold    . . .     Gourm    .   (shield currently unavailable)
rNeg     . . .     Faith    .   (armour unavailable)
rPois    .         Spirit   .   (helmet restricted)
rElec    .         Reflect  .   w - +0 cloak
rCorr    .         Harm     .   (gloves currently unavailable)
MR       +....     NoTele   +   c - +1 pair of boots
Stlth    +++.......             y - amulet of regeneration
HPRegen  0.64/turn              p - +3 ring of strength
MPRegen  0.21/turn              q - +3 ring of strength

@: blade hands
A: breathe power, unfitting armour, cold-blooded, AC +7
a: Breathe Dispelling Energy, End Transformation, Divine Energy, Channel Magic,
Forget Spell, Renounce Religion


You were in the Dungeon.
You worshipped Sif Muna.
Sif Muna was exalted by your worship.
You were hungry.
You had blades for hands.
You visited 1 branch You collected 1900 gold pieces.
You spent 420 gold pieces at shops.

Inventory:

Missiles
 a - 32 arrows
Armour
 c - a +1 pair of boots (worn)
 n - a +0 pair of gloves (melded)
 w - a +0 cloak (worn)
Magical Staves
 m - an uncursed staff of energy
Jewellery
 p - a +3 ring of strength (left scythe-like blade)
 q - a +3 ring of strength (right scythe-like blade)
 y - an amulet of regeneration (around neck)
 z - an uncursed ring of poison resistance
 A - an uncursed ring of protection from magic
Wands
 l - a wand of iceblast (9)
Scrolls
 i - 5 scrolls of blinking
 j - 3 scrolls of remove curse
 k - 2 scrolls of amnesia
 t - 4 scrolls of identify
 u - a scroll of fog
 x - a scroll of enchant weapon
 C - 2 scrolls of fear
Potions
 b - a potion of resistance
 d - 8 potions of curing
 e - 3 potions of heal wounds
 f - a potion of haste
 g - 4 potions of magic
 h - a potion of invisibility
 o - a potion of brilliance
 r - a potion of berserk rage
 s - a potion of might
 B - a potion of mutation
Comestibles
 v - 10 rations


   Skills:
 * Level 6.2 Fighting
 + Level 10.6 Dodging
 - Level 4.3 Stealth
 + Level 18.5 Unarmed Combat
 - Level 13.1 Spellcasting
 - Level 4.4 Translocations
 * Level 13.5 Transmutations
 + Level 6.3 Ice Magic
 + Level 0.3 Evocations


You had 19 spell levels left.
You knew the following spells:

 Your Spells              Type           Power        Failure   Level  Hunger
a - Beastly Appendage     Tmut           ######       4%          1    None
b - Ice Form              Ice/Tmut       #####...     17%         4    ##.....
c - Blade Hands           Tmut           ######....   13%         5    #####..
d - Sticks to Snakes      Tmut           ######..     5%          2    None
e - Blink                 Tloc           N/A          19%         2    None
r - Regeneration          Chrm/Necr      #.........   65%         3    None

Your spell library contained the following spells:

 Spells                   Type           Power        Failure   Level  Hunger
 Bolt of Fire             Conj/Fire      #.........   100%        6    ######.
 Freezing Cloud           Conj/Ice/Air   ###.......   100%        6    ######.
 Teleport Other           Tloc           ###.....     26%         3    None
 Bolt of Draining         Conj/Necr      #.........   99%         5    #####..
 Iskenderun's Mystic Bla  Conj           #.......     90%         4    ##.....
 Animate Dead             Necr           N/A          90%         4    ##.....
 Sticky Flame             Conj/Fire      #.......     90%         4    ##.....
 Sublimation of Blood     Necr           #.........   47%         2    None
 Shock                    Conj/Air       #...         38%         1    None
 Recall                   Summ/Tloc      N/A          43%         3    None
 Spider Form              Tmut/Pois      ####......   17%         3    None
 Ignite Poison            Fire/Tmut/Pois ###.....     26%         3    None
 Simulacrum               Ice/Necr       ###.......   100%        6    ######.
 Excruciating Wounds      Chrm/Necr      #.........   99%         5    #####..
 Petrify                  Tmut/Erth      ####....     30%         4    ##.....
 Passage of Golubria      Tloc           N/A          47%         4    ##.....
 Leda's Liquefaction      Hex/Erth       #.........   90%         4    ##.....
 Shroud of Golubria       Chrm/Tloc      ###.......   30%         2    None
 Iskenderun's Battlesphe  Conj/Chrm      #.......     99%         5    #####..
 Fulminant Prism          Conj/Hex       #.........   90%         4    ##.....
 Force Lance              Conj/Tloc      ###.....     71%         4    ##.....
 Infusion                 Chrm           #...         38%         1    None
 Spectral Weapon          Hex/Chrm       #.......     65%         3    None
 Summon Forest            Summ/Tloc      ###.......   92%         5    #####..
 Summon Lightning Spire   Summ/Air       #.......     90%         4    ##.....
 Gell's Gravitas          Tloc           ###.......   26%         3    None
 Lesser Beckoning         Tloc           ###.......   26%         3    None


Dungeon Overview and Level Annotations

Branches:
Dungeon (1/1)

Altars:
Cheibriados
Dithmenos
Elyvilon
Fedhas
Gozag
Hepliaklqana
Kikubaaqudgha
Makhleb
Nemelex Xobeh
Okawaru
Qazlal
Ru
Sif Muna
Trog
Uskayaw
Vehumet
Wu Jian
Xom
Yredelemnul
Zin
The Shining One
Beogh
Jiyva
Lugonu

Shops:
D (=[%


Innate Abilities, Weirdness & Mutations

You can breathe bolts of dispelling energy.
Your rich purple scales are hard. (AC +7)
You cannot fit into any form of body armour.
You are cold-blooded and may be slowed by cold attacks.


Message History

Something hits you but does no damage. Something barely misses you.
Something hits you.
* * * LOW HITPOINT WARNING * * *
The ogre mage's soul is no longer bound.
Something barely misses you. Something hits you but does no damage.
Something barely misses you.
You shred something!!! Sif Muna accepts your kill.
Reactivating autopickup.
Your Fighting skill increases to level 6!
You feel a bit more experienced.
The ogre mage casts a spell.
The ogre mage blinks!
You see here a +3 chain mail.
The troll's soul is no longer bound.
You see here +1 fire dragon scales.
The ogre mage casts a spell at you. The crystal spear hits you!
You die...

...)'.........'.........'.....[.)
▓▓▓▓▓▓▓▓▓▓▓▓▓▓▓▓▓▓▓▓▓▓▓▓▓▓▓▓▓▓▓▓▓
..............[.....[...[........
▓▓▓▓▓▓▓▓▓▓▓▓▓▓▓▓▓▓▓▓▓▓▓▓▓▓▓▓▓▓▓▓▓
.....'......)[..[)).[...)[[[[..[[
▓▓▓▓▓▓▓▓▓▓▓▓▓▓▓▓▓▓▓▓▓▓▓▓▓▓▓▓▓▓▓▓▓
.................................
▓▓▓▓▓▓▓▓▓▓▓▓▓▓▓▓▓▓▓▓▓▓▓▓▓▓▓▓▓▓▓▓▓
O)('........TO[[@[[[[[.)))))))).=
▓▓▓▓▓▓▓▓▓▓▓▓▓▓▓▓▓▓▓▓▓▓▓▓▓▓▓▓▓▓▓▓▓


You could see an ogre mage and a troll.

Vanquished Creatures
  3 ogre magi (D)
  A centaur warrior (D)
  5 two-headed ogres (D)
  An unseen horror (D)
  An orc knight (D)
  2 lindwurms (D)
  A deep elf mage (D)
  An orc sorcerer (D)
  A cyclops (D)
  3 black mambas (D)
  3 spiny frogs (D)
  A gargoyle (D)
  A komodo dragon (D)
  A tengu conjurer (D)
  A polar bear (D)
  A tyrant leech (D)
  2 hippogriffs (D)
  A yak (D)
  A wraith (D)
  Eustachio (D)
  A steam dragon (D)
  8 orc warriors (D)
  A porcupine (D)
  A necrophage (D)
  6 ogres (D)
  2 crocodiles (D)
  5 bullfrogs (D)
  A scorpion (D)
  2 killer bees (D)
  A howler monkey (D)
  A jelly (D)
  3 orc priests (D)
  8 orc wizards (D)
  An adder (D)
  A shadow imp (D)
  An adder skeleton (D)
  5 worms (D)
  4 orcs (D)
  A kobold (D)
  A ball python skeleton (D)
  3 frilled lizards (D)
  A jackal skeleton (D)
  2 rats (D)
92 creatures vanquished.

Notes
Turn   | Place    | Note
-------+----------+-------------------------------------------
     0 | D        | emperorscorpion the Draconian Transmuter began the quest for the Orb.
     0 | D        | Reached XP level 1. HP: 16/16 MP: 3/3
    29 | D        | Reached skill level 4 in Unarmed Combat
    67 | D        | Noticed a scorpion
    67 | D        | Noticed a necrophage
    85 | D        | Killed a necrophage
    85 | D        | Reached skill level 7 in Unarmed Combat
    85 | D        | Reached XP level 2. HP: 22/22 MP: 3/6
    85 | D        | Reached XP level 3. HP: 27/27 MP: 4/8
    85 | D        | Reached XP level 4. HP: 34/34 MP: 4/9
    91 | D        | Reached skill level 8 in Unarmed Combat
    91 | D        | Reached XP level 5. HP: 39/39 MP: 4/11
   113 | D        | Found a roughly hewn altar of Beogh.
   113 | D        | Found a snail-covered altar of Cheibriados.
   113 | D        | Found a shadowy altar of Dithmenos.
   113 | D        | Found a white marble altar of Elyvilon.
   113 | D        | Found a blossoming altar of Fedhas.
   113 | D        | Found an opulent altar of Gozag.
   114 | D        | Found a hazy altar of Hepliaklqana.
   115 | D        | Found a viscous altar of Jiyva.
   116 | D        | Found an ancient bone altar of Kikubaaqudgha.
   117 | D        | Found a corrupted altar of Lugonu.
   118 | D        | Found a burning altar of Makhleb.
   119 | D        | Found a sparkling altar of Nemelex Xobeh.
   120 | D        | Found an iron altar of Okawaru.
   121 | D        | Found a stormy altar of Qazlal.
   122 | D        | Found a sacrificial altar of Ru.
   123 | D        | Found a deep blue altar of Sif Muna.
   124 | D        | Found a bloodstained altar of Trog.
   125 | D        | Found a hide-covered altar of Uskayaw.
   126 | D        | Found a radiant altar of Vehumet.
   127 | D        | Found an ornate altar of the Wu Jian Council.
   128 | D        | Found a shimmering altar of Xom.
   129 | D        | Found a basalt altar of Yredelemnul.
   130 | D        | Found a glowing silver altar of Zin.
   131 | D        | Found a glowing golden altar of the Shining One.
   133 | D        | Became a worshipper of Sif Muna the Loreminder
   251 | D        | Noticed a yak
   251 | D        | Noticed a steam dragon
   251 | D        | Noticed an ogre
   302 | D        | Killed an ogre
   302 | D        | Reached skill level 9 in Unarmed Combat
   696 | D        | Killed a steam dragon
   696 | D        | Reached * piety under Sif Muna
   696 | D        | Reached skill level 5 in Dodging
   696 | D        | Reached skill level 10 in Unarmed Combat
   696 | D        | Reached XP level 6. HP: 32/48 MP: 11/13
   778 | D        | Killed a yak
   778 | D        | Reached skill level 11 in Unarmed Combat
   778 | D        | Reached skill level 5 in Spellcasting
   778 | D        | Reached skill level 5 in Transmutations
   778 | D        | Your scales start taking on a rich purple colour.
   778 | D        | Reached XP level 7. HP: 35/55 MP: 16/16
   789 | D        | Learned a level 4 spell: Ice Form
   795 | D        | Learned a level 5 spell: Blade Hands
   798 | D        | Learned a level 2 spell: Sticks to Snakes
   944 | D        | Noticed a deep elf mage
   944 | D        | Noticed a gargoyle
   950 | D        | Noticed a fire elemental
   951 | D        | Noticed a fire elemental
   953 | D        | Killed a deep elf mage
   953 | D        | Reached ** piety under Sif Muna
   953 | D        | Reached skill level 1 in Stealth
   953 | D        | Reached skill level 12 in Unarmed Combat
   955 | D        | Killed a gargoyle
   955 | D        | Reached skill level 13 in Unarmed Combat
   955 | D        | Reached skill level 1 in Ice Magic
   955 | D        | Reached XP level 8. HP: 31/62 MP: 13/18
  1201 | D        | Noticed a spiny frog
  1201 | D        | Noticed a hippogriff
  1201 | D        | Noticed a black mamba
  1205 | D        | Noticed a spiny frog
  1214 | D        | Killed a black mamba
  1214 | D        | Reached skill level 14 in Unarmed Combat
  1501 | D        | Killed a hippogriff
  1512 | D        | Killed a spiny frog
  1512 | D        | Reached *** piety under Sif Muna
  1512 | D        | Reached XP level 9. HP: 68/68 MP: 6/20
  1545 | D        | Killed a spiny frog
  1545 | D        | Reached skill level 15 in Unarmed Combat
  1591 | D        | Noticed a black mamba
  1596 | D        | Killed a black mamba
  1596 | D        | Reached **** piety under Sif Muna
  1612 | D        | Noticed a komodo dragon
  1612 | D        | Noticed a polar bear
  1613 | D        | Noticed a spiny frog
  1770 | D        | Killed a polar bear
  1772 | D        | Killed a komodo dragon
  1797 | D        | Killed a spiny frog
  1800 | D        | Reached ***** piety under Sif Muna
  1800 | D        | Reached skill level 5 in Ice Magic
  1800 | D        | Reached XP level 10. HP: 70/78 MP: 19/22
  1894 | D        | Received a gift from Sif Muna
  1909 | D        | Learned a level 2 spell: Blink
  1910 | D        | Noticed a black mamba
  1915 | D        | Killed a black mamba
  1915 | D        | Reached skill level 16 in Unarmed Combat
  1932 | D        | Noticed a lindwurm
  1936 | D        | Noticed a lindwurm
  1953 | D        | Killed a lindwurm
  1960 | D        | Killed a lindwurm
  1960 | D        | Reached skill level 10 in Dodging
  2051 | D        | Noticed Eustachio
  2062 | D        | Killed Eustachio
  2114 | D        | Reached skill level 10 in Spellcasting
  2124 | D        | Identified Sif Muna's Advanced Steps in Wizardry (Sif Muna gifted it to you in the Dungeon)
  2124 | D        | Received a gift from Sif Muna
  2196 | D        | Noticed an orc sorcerer
  2196 | D        | Noticed an orc knight
  2203 | D        | Killed an orc knight
  2203 | D        | Reached skill level 17 in Unarmed Combat
  2266 | D        | Noticed a sixfirhy
  2689 | D        | Killed an orc sorcerer
  2689 | D        | Reached skill level 1 in Translocations
  2764 | D        | Identified Sif Muna's Collected Works on Heat and Displacement (Sif Muna gifted it to you in the Dungeon)
  2764 | D        | Received a gift from Sif Muna
  2959 | D        | Found Fafi's Food Boutique.
  2959 | D        | Noticed an ogre mage
  2959 | D        | Noticed a two-headed ogre
  2959 | D        | Noticed a two-headed ogre
  3097 | D        | Killed a two-headed ogre
  3097 | D        | Reached skill level 10 in Transmutations
  3097 | D        | Reached XP level 11. HP: 36/85 MP: 21/26
  3410 | D        | Killed a two-headed ogre
  3452 | D        | Killed an ogre mage
  3623 | D        | Noticed an ogre mage
  3634 | D        | Killed an ogre mage
  3634 | D        | Identified Cigotuvi's Collected Works on Mutagenic Necromancy (Sif Muna gifted it to you in the Dungeon)
  3634 | D        | Received a gift from Sif Muna
  3640 | D        | Noticed an ogre mage
  3645 | D        | Killed an ogre mage
  3684 | D        | Noticed a two-headed ogre
  3693 | D        | Killed a two-headed ogre
  3693 | D        | Reached skill level 18 in Unarmed Combat
  3735 | D        | Found Cytaod's Antique Armour Shop.
  3739 | D        | Found Eggaffot's Jewellery Boutique.
  3743 | D        | Found Cowk's Weapon Shop.
  3745 | D        | Noticed a two-headed ogre
  3753 | D        | Noticed a two-headed ogre
  3755 | D        | Killed a two-headed ogre
  3755 | D        | Reached ****** piety under Sif Muna
  3763 | D        | Identified Sif Muna's Almanac of Talismans and Feathers (Sif Muna gifted it to you in the Dungeon)
  3763 | D        | Received a gift from Sif Muna
  3767 | D        | Killed a two-headed ogre
  3792 | D        | Learned a level 3 spell: Regeneration
  3896 | D        | Bought an uncursed amulet of regeneration for 420 gold pieces
  4012 | D        | Found the +3 robe of Folly {Archmagi, MR-- Int+5}
  4054 | D        | Noticed a centaur warrior
  4057 | D        | Noticed an ogre mage
  4060 | D        | Noticed a necromancer
  4062 | D        | Reached skill level 5 in Fighting
  4063 | D        | Noticed an ogre mage
  4067 | D        | Killed a centaur warrior
  4068 | D        | Noticed a stone giant
  4082 | D        | Killed an unseen horror
  4085 | D        | Killed from afar by an ogre mage

Vault maps used:
D:        linesprint

Skill      XL: |  1  2  3  4  5  6  7  8  9 10 11 |
---------------+----------------------------------+-----
Unarmed Combat | 7 8 10 11 13 14 15 17 18 | 18.5
Dodging        | 3 4 5 6 7 8 9 10 | 10.6
Spellcasting   | 3 4 6 7 8 11 13 | 13.1
Transmutations | 3 4 5 6 8 10 13 | 13.5
Fighting       | 2 3 4 6 |  6.2
Stealth        | 2 3 4 |  4.3
Ice Magic      | 1 3 5 6 |  6.3
Translocations | 2 4 |  4.4
Evocations     | |  0.3

Action                   |  1- 3 |  4- 6 |  7- 9 | 10-12 || total
-------------------------+-------+-------+-------+-------++-------
Melee: Unarmed           |    34 |    31 |    63 |   133 ||   261
       Tailslap          |     2 |     3 |       |    13 ||    18
       Punch             |       |     1 |       |     6 ||     7
 Cast: Ice Form          |       |       |     6 |     3 ||     9
       Sticks to Snakes  |       |       |     5 |       ||     5
       Blade Hands       |       |       |       |    14 ||    14
       Blink             |       |       |       |    13 ||    13
 Abil: Breathe Dispellin |       |       |     1 |     2 ||     3
Evoke: Wand              |       |     1 |       |       ||     1
  Use: Potion            |     1 |     1 |     4 |       ||     6
  Eat: Ration            |       |       |     1 |     1 ||     2
       Chunk             |       |       |       |     8 ||     8
Armor: Skin              |     7 |     3 |     7 |    14 ||    31
Dodge: Dodged            |    14 |    17 |    36 |    60 ||   127

Table legend:
 A = Spawn XP
 B = Non-spawn XP
 C = Spawn XP percentage of total XP
 D = Spawn monster count
 E = Non-spawn monster count
 F = Spawn count percentage of total count
 G = Total turns spent on level
                    A         B        C        D         E        F      G
               +---------+---------+-------+---------+---------+-------+---------
         Total |       0 |   21577 |   0.0 |       0 |      92 |   0.0 |  4085
               +---------+---------+-------+---------+---------+-------+---------
             D |       0 |   21577 |   0.0 |       0 |      92 |   0.0 |  4085
               +---------+---------+-------+---------+---------+-------+---------
